 Dungeon Crawl Stone Soup version 0.26-a0-466-g989023bd0d (webtiles) character file.

Game seed: 1838180912037887838

613 vurker the Skirmisher (level 7, -6/64 HPs)
             Began as a Minotaur Hunter on Aug 11, 2020.
             Was an Initiate of Fedhas.
             Splashed by Ijyb's acid (13 damage)
             ... on level 5 of the Dungeon.
             The game lasted 00:05:37 (3816 turns).

vurker the Skirmisher (Minotaur Hunter)             Turns: 3816, Time: 00:05:38

Health: -6/64      AC:  6    Str: 18    XL:     7   Next: 20%
Magic:  6/6        EV:  3    Int: 14    God:    Fedhas [......]
Gold:   255        SH: 15    Dex: 11    Spells: 6/6 levels left

rFire    . . .     SeeInvis .   o - +3 dagger (venom)
rCold    . . .     Faith    .   q - +2 tower shield
rNeg     . . .     Spirit   .   p - +0 chain mail
rPois    .         Reflect  .   (helmet restricted)
rElec    .         Harm     .   (no cloak)
rCorr    .                      s - +1 pair of gloves
MR       .....                  (no boots)
Stlth    ..........             e - amulet of regeneration
HPRegen  0.60/turn              t - +6 ring of intelligence
MPRegen  0.10/turn              (no ring)

@: corroded
A: retaliatory headbutt, horns 2
a: Renounce Religion


You were on level 5 of the Dungeon.
You worshipped Fedhas.
Fedhas was noncommittal.
You visited 2 branches of the dungeon, and saw 6 of its levels.

You collected 255 gold pieces.

Inventory:

Hand Weapons
 o - a +3 dagger of venom (weapon)
   (You took it off a goblin on level 2 of the Dungeon)
 r - a +0 dagger of holy wrath
   (You took it off an orc on level 3 of the Dungeon)
Missiles
 c - 6 javelins (quivered)
 d - 2 throwing nets
Armour
 p - a +0 chain mail (worn)
   (You found it on level 2 of the Dungeon)
 q - a +2 tower shield (worn)
   (You found it on level 3 of the Dungeon)
 s - a +1 pair of gloves (worn)
   (You found it on level 4 of the Dungeon)
Jewellery
 e - an amulet of regeneration (around neck)
   (You found it on level 1 of the Dungeon)
 t - a +6 ring of intelligence (left hand)
   (You found it on level 4 of the Dungeon)
Wands
 u - a wand of paralysis (11)
   (You found it on level 4 of the Dungeon)
Scrolls
 a - a scroll of blinking {unknown}
 f - 3 scrolls of teleportation
 g - a scroll of magic mapping {unknown}
 i - 6 scrolls of remove curse
 j - a scroll of fog
Potions
 b - a potion of cancellation
 l - 7 potions of curing
 n - a potion of flight
 v - a potion of haste


   Skills:
 + Level 6.6 Fighting
 + Level 6.5 Throwing
 - Level 2.1 Dodging
 - Level 0.7 Stealth
 + Level 2.9 Shields
 + Level 0.1 Invocations


You had 6 spell levels left.
You didn't know any spells.
Your spell library was empty.

Dungeon Overview and Level Annotations

Branches:
Dungeon (5/15)             Temple (1/1) D:5

Altars:
Cheibriados
Dithmenos
Fedhas
Nemelex Xobeh
Qazlal
Trog
Wu Jian
Yredelemnul
Zin
The Shining One

Shops:
D:4 =

Annotations:
D:5 Ijyb


Innate Abilities, Weirdness & Mutations

You reflexively headbutt those who attack you in melee.
You have a pair of horns on your head.


Message History

You hit the quokka.
You kill the quokka!
Fedhas accepts your kill.
No target in view!
No target in view!
Ijyb the Twisted Goblin comes into view.
She is wielding a +0 dagger of speed, wearing a +3 ring mail of fire resistance and carrying a wand of acid (10).
Ijyb drinks a potion.
Ijyb seems to speed up.
You hit Ijyb but do no damage.
Ijyb is poisoned.
You headbutt Ijyb, but do no damage. You block Ijyb's attack.
Ijyb hits you but does no damage.
You hit Ijyb but do no damage.
Ijyb looks as sick as possible!
Your headbutt misses Ijyb.
Ijyb zaps a wand.
The bolt of acid hits you.
You are splashed with acid!
You barely miss Ijyb. Your headbutt misses Ijyb.
Ijyb zaps a wand.
The bolt of acid hits you but does no damage.
You are splashed with acid.
You block Ijyb's attack.
You hit Ijyb but do no damage.
Ijyb looks as sick as possible!
Ijyb hits you but does no damage.
Ijyb zaps a wand.
The bolt of acid hits you! The acid corrodes you!
You are splashed with acid!
* * * LOW HITPOINT WARNING * * *
You are too injured to fight recklessly!
Unknown command.
You are too injured to fight recklessly!
Unknown command.
Unknown command.
You barely miss Ijyb. Your headbutt misses Ijyb.
Ijyb hits you with a +0 dagger of speed.
* * * LOW HITPOINT WARNING * * *
Ijyb zaps a wand.
The bolt of acid hits you!
* * * LOW HITPOINT WARNING * * *
You are splashed with acid!
* * * LOW HITPOINT WARNING * * *
You feel much better.
Ijyb hits you with a +0 dagger of speed.
* * * LOW HITPOINT WARNING * * *
You block Ijyb's attack.
Unknown command.
Unknown command.
You hit Ijyb but do no damage.
Ijyb looks as sick as possible!
You block Ijyb's attack.
Ijyb zaps a wand.
The bolt of acid hits you!!
* * * LOW HITPOINT WARNING * * *
You are splashed with acid!
You die...
Fedhas appreciates your contribution to the ecosystem.

### #.# ###.### #.#...#######
##.#.#.#..<..# #..#.#.#.....# ###
### #..#.#.#.@g..# #.# ..#
####...>........# ###.# ..#
#.........#.....# #.[.# ..#
#.##.............#####.#.# ##
..###.##..#....####..........###.
......##..#..#.######..#.###..#..
.................................
..######..#......#.##...!#.#.#...
..######..#......#....##.#.#.#...


You could see Ijyb (fast, extremely poisoned).

Vanquished Creatures
  Grinder (D:4)
  An ice beast (D:2)
  A scorpion (D:4)
  A hound (D:4)
  An iguana (D:4)
  A worker ant (D:4)
  Terence (D:3)
  Robin (D:2)
  8 adders
  2 oozes
  4 worms
  2 dart slugs
  3 leopard geckos
  4 orcs
  A ball python (D:4)
  3 bats
  2 giant cockroaches
  18 goblins
  10 hobgoblins
  7 jackals
  2 quokkas
  A frilled lizard (D:3)
  5 kobolds
  7 rats
87 creatures vanquished.

Notes
Turn   | Place    | Note
-------+----------+-------------------------------------------
     0 | D:1      | vurker the Minotaur Hunter began the quest for the Orb.
     0 | D:1      | Reached XP level 1. HP: 18/18 MP: 0/0
   120 | D:1      | Reached XP level 2. HP: 22/25 MP: 1/1
   856 | D:2      | Reached XP level 3. HP: 29/31 MP: 2/2
   864 | D:2      | Noticed an ice beast
   870 | D:2      | Killed an ice beast
   870 | D:2      | Reached skill level 5 in Throwing
   870 | D:2      | Reached XP level 4. HP: 41/41 MP: 3/3
   933 | D:2      | Noticed Robin
   943 | D:2      | Killed Robin
   964 | D:2      | Reached XP level 5. HP: 47/47 MP: 4/4
  1036 | D:2      | Reached skill level 5 in Fighting
  1264 | D:2      | Found a sparkling altar of Nemelex Xobeh.
  1508 | D:3      | Found a glowing golden altar of the Shining One.
  1533 | D:3      | Noticed Terence
  1564 | D:3      | Killed Terence
  1919 | D:3      | Reached XP level 6. HP: 47/56 MP: 5/5
  2212 | D:4      | Noticed Grinder
  2257 | D:4      | Found a stormy altar of Qazlal.
  2385 | D:4      | Found Uphabb's Jewellery Shoppe.
  2507 | D:4      | Reached skill level 1 in Shields
  2536 | D:4      | Paralysed by Grinder for 7 turns
  2558 | D:4      | Killed Grinder
  2558 | D:4      | Reached XP level 7. HP: 36/64 MP: 6/6
  3581 | D:5      | Entered Level 5 of the Dungeon
  3626 | D:5      | Found a staircase to the Ecumenical Temple.
  3634 | Temple   | Entered the Ecumenical Temple
  3655 | Temple   | Became a worshipper of Fedhas Madash
  3807 | D:5      | Noticed Ijyb
  3814 | D:5      | HP: 3/64 [acid (15)]
  3816 | D:5      | Splashed by Ijyb's acid

Illustrated notes

Levels and vault maps discovered:
D:1:      co_arrival_random_square_maze, layout_basic
D:2:      layout_rooms, nemelex_spade_bored_becter, uniq_robin
D:3:      layout_loops_ring, minmay_misc_feat_alley, st_stairs_11,
          nicolae_tso_swordbearing_angel, uniq_terence
D:4:      layout_layer_cave, grunt_qazlal_sundering, serial_shops,
          nicolae_shop_waterfront, uniq_grinder
D:5:      layout_rooms, minmay_temple_entry_ruins, uniq_ijyb
Temple:   eino_temple_scatter_basement

Skill      XL: |  1  2  3  4  5  6 |
---------------+-------------------+-----
Fighting       | 3 4 5 6 |  6.6
Throwing       | 5 6 |  6.5
Shields        | 2 |  2.9
Dodging        | |  2.1
Stealth        | |  0.7
Invocations    | |  0.1

Action                   |  1- 3 |  4- 6 |  7- 9 || total
-------------------------+-------+-------+-------++-------
Melee: Short sword       |    62 |    35 |       ||    97
       Headbutt          |     9 |    38 |     7 ||    54
       Dagger            |       |   138 |    35 ||   173
Throw: Javelin           |     2 |       |       ||     2
  Use: Scroll            |       |     4 |     7 ||    11
       Potion            |       |       |     1 ||     1
Armor: Leather armour    |    22 |     6 |       ||    28
       Chain mail        |       |    38 |    12 ||    50
Dodge: Dodged            |    42 |    52 |     2 ||    96
Block: Tower shield      |       |    23 |    26 ||    49

Table legend: (Time is in decaauts)
 A = Elapsed time spent in this place.
 B = Non-inter-level travel time spent in this place.
 C = Inter-level travel time spent in this place.
 D = Time resting spent in this place.
 E = Time spent auto-exploring this place.
 F = Levels seen in this place.
 G = Mean time per level.
                   A        B        C        D        E       F      G
               +--------+--------+--------+--------+--------+-----+--------+
         Total |   3834 |   3585 |    249 |      0 |   2854 |   6 |  639.0 |
       Dungeon |   3803 |   3562 |    241 |      0 |   2841 |   5 |  760.6 |
        Temple |     30 |     22 |      8 |      0 |     13 |   1 |   30.0 |
               +--------+--------+--------+--------+--------+-----+--------+

Top non-repeatable levels by time:
     D:4: 1268 daAuts
     D:3: 858 daAuts
     D:1: 854 daAuts
     D:2: 616 daAuts
     D:5: 205 daAuts
  Temple: 30 daAuts
